[Event "ICC Open 2015"]
[Site "Internet Chess Club"]
[Date "2015.05.29"]
[Round "11"]
[White "cristoforo"]
[Black "born2die"]
[Result "0-1"]
[ICCResult "White checkmated"]
[WhiteElo "1468"]
[BlackElo "1666"]
[Opening "Queen's pawn game"]
[ECO "A45"]
[NIC "QP.07"]
[Time "21:30:18"]
[TimeControl "180+0"]

1. d4 Nf6 2. e3 d6 3. Bd3 e5 4. Nd2 Bg4 5. Ngf3 Nbd7 6. h3 Bh5 7. g4 Nxg4 8.
hxg4 Bxg4 9. Rg1 h5 10. Be2 Be7 11. b3 c6 12. Bb2 Bf6 13. Nh2 Bxe2 14. Qxe2
Qc7 15. O-O-O O-O-O 16. dxe5 Bxe5 17. Nhf3 Bxb2+ 18. Kxb2 Rdg8 19. Rg5 d5
20. Rdg1 g6 21. Qd3 h4 22. Rh1 Rh7 23. Rxh4 Rxh4 24. Nxh4 Qh2 25. Nhf3 Qxf2
26. Qd4 Re8 27. Ka3 Qxe3 28. Qxe3 Rxe3 29. Nd4 Kd8 30. N2f3 Ke7 31. Rg3 Ne5
32. Rh3 Nxf3 33. Rxf3 Rxf3 34. Nxf3 Ke6 35. Kb2 Kf5 36. Kc1 Kf4 37. Ne1 Ke3
38. Ng2+ Kf2 39. Nh4 g5 40. Nf5 g4 41. Kd2 g3 42. Nxg3 Kxg3 43. Ke3 f5 44.
c4 dxc4 45. bxc4 f4+ 46. Ke2 Kg2 47. Kd3 f3 48. Kd4 f2 49. Kc5 f1=Q 50. Kd6
Qf2 51. c5 Qf7 52. Ke5 Kf3 53. Kd4 Qe6 54. Kc3 Qd5 55. a4 Qxc5+ 56. Kb3 Ke3
57. a5 Kd3 58. a6 b5 59. Kb2 Kd2 60. Kb3 Qc4+ 61. Ka3 b4+ 62. Ka4 Qb5+ 63.
Kb3 c5 64. Kb2 c4 65. Kb1 c3 66. Ka2 b3+ 67. Kb1 c2+ 68. Kb2 c1=Q#
{White checkmated}
0-1

[Event "ICC Open 2015"]
[Site "Internet Chess Club"]
[Date "2015.05.29"]
[Round "11"]
[White "siso"]
[Black "golpeador"]
[Result "0-1"]
[ICCResult "White resigns"]
[WhiteElo "1687"]
[BlackElo "2314"]
[Opening "KP: Nimzovich defense"]
[ECO "B00"]
[NIC "VO.05"]
[Time "21:31:12"]
[TimeControl "180+0"]

1. e4 Nc6 2. Nf3 d5 3. exd5 Qxd5 4. Nc3 Qh5 5. Be2 Bg4 6. Ng1 Bxe2 7. Qxe2
Qxe2+ 8. Ngxe2 O-O-O 9. O-O e5 10. d3 f5 11. Bg5 Re8 12. a3 h6 13. Bd2 g5
14. g3 f4 15. gxf4 gxf4 16. Kh1 Nf6 17. Rg1 Bc5 18. Be1 h5 19. Rg6 Ng4 20.
Kg2 Ref8 21. f3 Ne3+ 22. Kh1 Ne7 23. Rg5 Rf5 24. Ne4 Rxg5 25. Nxg5 Rg8 26.
Bh4 N7f5 27. b4 Nxh4 28. bxc5 Rxg5 29. c4 Nxf3 30. h4 Rg4 {White resigns}
0-1

[Event "ICC Open 2015"]
[Site "Internet Chess Club"]
[Date "2015.05.29"]
[Round "11"]
[White "PITCHUS"]
[Black "Smays"]
[Result "0-1"]
[ICCResult "White resigns"]
[WhiteElo "1729"]
[BlackElo "1689"]
[Opening "Réti opening"]
[ECO "A05"]
[NIC "QP.11"]
[Time "21:30:51"]
[TimeControl "180+0"]

1. Nf3 Nf6 2. g3 c5 3. Bg2 d5 4. O-O Nc6 5. c4 d4 6. Qa4 Bd7 7. Qb5 Rb8 8.
Qxc5 e5 9. Qb5 a6 10. Qb3 Qc7 11. d3 h6 12. e3 Bg4 13. exd4 Bxf3 14. Bxf3
Nxd4 15. Bg2 Nxb3 16. axb3 Bb4 17. Nc3 Bxc3 18. bxc3 O-O 19. Re1 Rfe8 20.
Be3 e4 21. d4 b5 22. c5 Nd5 23. Rec1 Nxe3 24. fxe3 b4 25. Rxa6 bxc3 26. Rxc3
f5 27. d5 Qb7 28. Rd6 Rbd8 29. c6 Qb4 30. Rxd8 Rxd8 31. Rc1 Qd2 32. Rc4 Qxd5
33. c7 Rc8 34. Bf1 Qd6 35. Rd4 Qxc7 36. Bc4+ Kh7 37. Rd5 Qb6 38. Rxf5 Qxe3+
39. Kg2 Rd8 40. Rf7 Rd2+ 41. Kh3 Qg5 42. Rf4 e3 43. Re4 Qf5+ {White resigns}
0-1

[Event "ICC Open 2015"]
[Site "Internet Chess Club"]
[Date "2015.05.29"]
[Round "11"]
[White "Cristhian-ator"]
[Black "FedoseevVl95"]
[Result "0-1"]
[ICCResult "White resigns"]
[WhiteElo "2639"]
[BlackElo "3088"]
[Opening "English: Carls' Bremen system"]
[ECO "A22"]
[NIC "EO.10"]
[Time "21:30:16"]
[TimeControl "180+0"]

1. c4 Nf6 2. Nc3 e5 3. g3 Nc6 4. Bg2 Bc5 5. e3 O-O 6. Nge2 a6 7. O-O d6 8.
b3 Ba7 9. Bb2 Bf5 10. Nd5 Nxd5 11. cxd5 Ne7 12. d4 f6 13. e4 Bg4 14. h3 Bh5
15. g4 Bf7 16. f4 Ng6 17. Kh1 Re8 18. Qd2 exf4 19. Nxf4 Nh4 20. Rae1 Nxg2
21. Qxg2 c6 22. dxc6 bxc6 23. d5 Rc8 24. dxc6 Qa5 25. Re2 Qxa2 26. Bxf6 Qxb3
27. Ba1 Bc4 28. Rb2 Bxf1 29. Rxb3 Bxg2+ 30. Kxg2 Rxe4 31. Nd5 Rf8 32. Rb7
Re2+ 33. Kg3 Bf2+ 34. Kg2 Bh4+ 35. Kg1 Re1+ {White resigns} 0-1

[Event "ICC Open 2015"]
[Site "Internet Chess Club"]
[Date "2015.05.29"]
[Round "11"]
[White "nikenwidiartto"]
[Black "chesstempo2"]
[Result "0-1"]
[ICCResult "White resigns"]
[WhiteElo "1857"]
[BlackElo "1980"]
[Opening "French: Two knights variation"]
[ECO "C00"]
[NIC "FR.01"]
[Time "21:30:26"]
[TimeControl "180+0"]

1. e4 e6 2. Nc3 d5 3. Nf3 dxe4 4. Nxe4 Nd7 5. d4 Ngf6 6. Bd3 b6 7. Be3 Bb7
8. Nxf6+ Nxf6 9. Qd2 Bd6 10. O-O-O Qe7 11. Ne5 O-O-O 12. f3 Nd5 13. Bf2 c5
14. Nc4 Bf4 15. Be3 Nxe3 16. Nxe3 cxd4 17. Kb1 Bxe3 18. Qe2 Kb8 19. Rhe1 f5
20. Ba6 f4 21. Bxb7 Qxb7 22. Rd3 Rc8 23. Ra3 e5 24. Rd1 Rc5 25. Rdd3 Rhc8
26. c3 dxc3 27. bxc3 e4 28. Rd6 exf3 29. gxf3 Rxc3 30. Rxc3 Rxc3 31. Qg2
Rc1+ 32. Kb2 Qe7 33. Qg4 Qxd6 {White resigns} 0-1

[Event "ICC Open 2015"]
[Site "Internet Chess Club"]
[Date "2015.05.29"]
[Round "11"]
[White "Darnoc"]
[Black "EREBUNI"]
[Result "0-1"]
[ICCResult "White resigns"]
[WhiteElo "2987"]
[BlackElo "3065"]
[Opening "Queen's Indian accelerated"]
[ECO "E12"]
[NIC "QP.07"]
[Time "21:30:49"]
[TimeControl "180+0"]

1. d4 Nf6 2. c4 b6 3. Nc3 Bb7 4. Nf3 e6 5. a3 d5 6. Bg5 Be7 7. e3 Nbd7 8.
Bd3 O-O 9. O-O h6 10. Bh4 c5 11. Rc1 Rc8 12. cxd5 Nxd5 13. Bxe7 Qxe7 14.
Nxd5 Bxd5 15. Ba6 Rcd8 16. Re1 cxd4 17. exd4 Nb8 18. Bb5 a6 19. Be2 Qb7 20.
Qd3 b5 21. Qe3 Nd7 22. h3 Rc8 23. Qf4 Nb6 24. Rc5 Na4 25. Rxc8 Rxc8 26. Qd2
Qc7 27. Bd1 Nb6 28. Be2 Nc4 29. Qc1 Qd8 30. Qc3 Ne5 31. Qd2 Bxf3 32. Bxf3
Nxf3+ 33. gxf3 Rc4 34. Rd1 Qc8 35. Qe3 Rc2 36. Rd2 Rc1+ 37. Kg2 Rb1 38. Re2
Qc4 39. Qe4 Qc1 40. f4 Qh1+ 41. Kg3 Rg1+ 42. Kh4 g5+ 43. fxg5 hxg5+ 44. Kh5
Qxh3+ {White resigns} 0-1

[Event "ICC Open 2015"]
[Site "Internet Chess Club"]
[Date "2015.05.29"]
[Round "11"]
[White "LordKinbote"]
[Black "HardAsfalt"]
[Result "0-1"]
[ICCResult "White checkmated"]
[WhiteElo "1419"]
[BlackElo "1705"]
[Opening "two knights: Max Lange attack, Steinitz variation"]
[ECO "C55"]
[NIC "KP.02"]
[Time "21:31:06"]
[TimeControl "180+0"]

1. e4 e5 2. Nf3 Nc6 3. d4 exd4 4. Bc4 Nf6 5. e5 Ng4 6. O-O Bc5 7. h3 h5 8.
hxg4 hxg4 9. Bxf7+ Kf8 10. Ng5 Nxe5 11. Bf4 d6 12. Bxe5 Qxg5 13. Bxg7+ Kxg7
14. Re1 Qh4 15. Kf1 Bd7 16. Bc4 d3 17. Re7+ Qxe7 18. cxd3 Rh1#
{White checkmated}
0-1

[Event "ICC Open 2015"]
[Site "Internet Chess Club"]
[Date "2015.05.29"]
[Round "11"]
[White "Skyrmion"]
[Black "truufseir"]
[Result "1-0"]
[ICCResult "Black checkmated"]
[WhiteElo "1698"]
[BlackElo "1560"]
[Opening "Scotch gambit"]
[ECO "C44"]
[NIC "SO.06"]
[Time "21:30:30"]
[TimeControl "180+0"]

1. e4 e5 2. Nf3 Nc6 3. d4 exd4 4. Bc4 Bc5 5. c3 d3 6. b4 Bb6 7. a4 a6 8.
Qxd3 Nf6 9. Bg5 O-O 10. O-O h6 11. Bh4 g5 12. Nxg5 hxg5 13. Bxg5 Ne5 14. Qe2
d6 15. Nd2 Be6 16. Kh1 Kg7 17. f4 Neg4 18. h3 Rh8 19. Bxe6 fxe6 20. e5 dxe5
21. fxe5 Qd5 22. Bxf6+ Nxf6 23. exf6+ Kf7 24. Nf3 Rag8 25. Rad1 Qc6 26. Ne5+
Kf8 27. Nxc6 bxc6 28. Qxe6 Rg3 29. Qe7+ Kg8 30. Rd8# {Black checkmated} 1-0

[Event "ICC Open 2015"]
[Site "Internet Chess Club"]
[Date "2015.05.29"]
[Round "11"]
[White "ural"]
[Black "paulohaddad"]
[Result "1-0"]
[ICCResult "Black resigns"]
[WhiteElo "2432"]
[BlackElo "1812"]
[Opening "Grob's attack"]
[ECO "A00"]
[NIC "VO.11"]
[Time "21:30:20"]
[TimeControl "180+0"]

1. g4 e5 2. d4 e4 3. c4 d5 4. Nc3 c6 5. Qb3 Qb6 6. cxd5 Qxb3 7. axb3 Bxg4 8.
Nxe4 cxd5 9. Nc3 Bb4 10. Bg2 Ne7 11. Bd2 Bxc3 12. bxc3 O-O 13. Nf3 Nbc6 14.
O-O a6 15. e3 Rfd8 16. c4 dxc4 17. bxc4 b5 18. cxb5 axb5 19. Rxa8 Rxa8 20.
Rb1 Rb8 21. Ne5 Nxe5 22. dxe5 Bf5 23. Rb2 Kf8 24. f4 Bd3 25. Bb4 Ke8 26. Rd2
Bc4 27. Kf2 Rd8 28. Rxd8+ Kxd8 29. e4 Nc6 30. Bc5 b4 31. Ke3 b3 32. Kd2 Na5
33. Kc3 Ba6 34. Bb6+ Kd7 35. Bxa5 {Black resigns} 1-0

[Event "ICC Open 2015"]
[Site "Internet Chess Club"]
[Date "2015.05.29"]
[Round "11"]
[White "darthvader"]
[Black "Werewolf"]
[Result "1-0"]
[ICCResult "Black checkmated"]
[WhiteElo "1910"]
[BlackElo "2178"]
[Opening "Queen's pawn game"]
[ECO "D04"]
[NIC "QP.08"]
[Time "21:30:19"]
[TimeControl "180+0"]

1. d4 d5 2. Nf3 Nf6 3. e3 Bg4 4. c4 e6 5. Nc3 c6 6. Qb3 Qb6 7. c5 Qxb3 8.
axb3 Nbd7 9. b4 Ne4 10. Be2 Nxc3 11. bxc3 f6 12. b5 e5 13. h3 Be6 14. bxc6
bxc6 15. O-O a5 16. Bd2 e4 17. Ne1 Be7 18. Nc2 Bd8 19. Rfb1 Ra7 20. Na3 Bc7
21. c4 Ke7 22. cxd5 Bxd5 23. Bc4 Rha8 24. Bxd5 cxd5 25. Nb5 Rb7 26. c6 Rxb5
27. Rxb5 Nb6 28. Raxa5 Rxa5 29. Bxa5 Na8 30. Rb7 Kd6 31. Bxc7+ Nxc7 32. Rb8
h6 33. Rg8 Ne6 34. f3 exf3 35. gxf3 Kxc6 36. Kf2 Kd6 37. Ke2 Ke7 38. Kd3 Kf7
39. Rb8 g5 40. Rb7+ Kg6 41. Rd7 h5 42. Rxd5 Ng7 43. Rd7 Nf5 44. e4 Nh4 45.
Ke3 Ng2+ 46. Kf2 Nf4 47. Rd6 Nxh3+ 48. Kg3 Nf4 49. e5 h4+ 50. Kg4 Kg7 51.
Rxf6 h3 52. Kg3 Nh5+ 53. Kxh3 Nxf6 54. exf6+ Kxf6 55. Kg4 Kg6 56. d5 Kf6 57.
d6 Ke6 58. Kxg5 Kxd6 59. Kf6 Kd7 60. f4 Ke8 61. Kg7 Ke7 62. f5 Ke8 63. f6
Kd7 64. f7 Ke6 65. f8=Q Kd5 66. Qf4 Ke6 67. Qg5 Kd6 68. Qf5 Ke7 69. Qf6+ Kd7
70. Kf7 Kc8 71. Qe7 Kb8 72. Ke6 Kc8 73. Qa7 Kd8 74. Qd7# {Black checkmated}
1-0

[Event "ICC Open 2015"]
[Site "Internet Chess Club"]
[Date "2015.05.29"]
[Round "11"]
[White "paulmagriel"]
[Black "airantrobo"]
[Result "1-0"]
[ICCResult "Black checkmated"]
[WhiteElo "2032"]
[BlackElo "1660"]
[Opening "Nimzo-Indian: Kmoch variation"]
[ECO "E20"]
[NIC "NI.30"]
[Time "21:30:18"]
[TimeControl "180+0"]

1. d4 Nf6 2. c4 e6 3. Nc3 Bb4 4. f3 Bxc3+ 5. bxc3 b6 6. e4 Ba6 7. Bd3 Nc6 8.
Nh3 Na5 9. Qe2 O-O 10. O-O c5 11. e5 Ne8 12. f4 Rc8 13. Bxh7+ Kxh7 14. Qh5+
Kg8 15. Ng5 Qxg5 16. fxg5 Nxc4 17. g6 fxg6 18. Rxf8+ Kxf8 19. Qh8+ Ke7 20.
Bg5+ Nf6 21. Qxg7+ Kd8 22. exf6 Kc7 23. f7 Nd6 24. Bf4 cxd4 25. cxd4 Kb7 26.
Bxd6 Bc4 27. f8=Q Bd5 28. Qxd7+ Ka6 29. Qfxc8+ Ka5 30. Bb4+ Kxb4 31. Rb1+
Ka3 32. Qc3+ Kxa2 33. Qa4+ Kxb1 34. Qd1+ Ka2 35. Qa4+ Kb1 36. Qaa1#
{Black checkmated}
1-0

[Event "ICC Open 2015"]
[Site "Internet Chess Club"]
[Date "2015.05.29"]
[Round "11"]
[White "RaiseTheCurve"]
[Black "EpicEffects"]
[Result "0-1"]
[ICCResult "White checkmated"]
[WhiteElo "1987"]
[BlackElo "2284"]
[Opening "Van't Kruijs opening"]
[ECO "A00"]
[Time "21:30:23"]
[TimeControl "180+0"]

1. e3 g6 2. d4 Bg7 3. c4 Nf6 4. Nc3 d6 5. Bd3 O-O 6. f4 Nbd7 7. Nf3 c5 8. d5
a6 9. a3 b5 10. b3 b4 11. axb4 cxb4 12. Ne2 Nc5 13. Ned4 Bd7 14. O-O a5 15.
Rb1 Qc7 16. h3 Rfb8 17. g4 a4 18. bxa4 Bxa4 19. Qe1 Nxd3 20. Qh4 Nxc1 21.
Rfxc1 b3 22. Ng5 b2 23. Rf1 Qxc4 24. f5 Bc2 25. fxg6 Bxg6 26. Nf5 Ra7 27. e4
Qc5+ 28. Kh2 Qc2+ 29. Kh1 Nxe4 30. Nxf7 Bxf7 31. Nxe7+ Rxe7 32. Qxe7 Ng3+
33. Kg1 Bd4+ 34. Rf2 Qxf2# {White checkmated} 0-1

[Event "ICC Open 2015"]
[Site "Internet Chess Club"]
[Date "2015.05.29"]
[Round "11"]
[White "MichelRocard"]
[Black "Supermodel"]
[Result "0-1"]
[ICCResult "White resigns"]
[WhiteElo "1938"]
[BlackElo "2224"]
[Opening "French: Two knights variation"]
[ECO "C00"]
[NIC "FR.01"]
[Time "21:30:48"]
[TimeControl "180+0"]

1. e4 e6 2. Nc3 d5 3. Nf3 Nf6 4. e5 Nfd7 5. d4 c5 6. Bg5 Qb6 7. Be3 Qxb2 8.
Nb5 cxd4 9. Bxd4 Qb4+ 10. Bc3 Qe4+ 11. Be2 Na6 12. O-O Be7 13. Re1 O-O 14.
h3 f5 15. exf6 Bxf6 16. Nd6 Qf4 17. Bxf6 Nxf6 18. Nxc8 Raxc8 19. Bxa6 bxa6
20. Rxe6 Kh8 21. Qd4 Qxd4 22. Nxd4 Ne4 23. f3 Nd2 24. Rae1 h6 25. Kh2 Kh7
26. h4 Rc4 27. Nc6 Rxc2 28. h5 Nxf3+ 29. Kg3 Nxe1 30. Rxe1 Rxc6 31. Re7 Rc3+
32. Kh4 Rf4+ 33. g4 Rff3 34. g5 Rh3+ 35. Kg4 Rcg3+ 36. Kf5 Rxg5+ 37. Ke6
Re3+ 38. Kd6 Rxe7 39. a4 d4 40. a5 d3 41. Kc6 d2 42. Kd6 d1=R+ 43. Kc6 Re6+
44. Kb7 Rb5+ 45. Kxa7 Rd7+ 46. Ka8 {White resigns} 0-1

[Event "ICC Open 2015"]
[Site "Internet Chess Club"]
[Date "2015.05.29"]
[Round "11"]
[White "blackending"]
[Black "ShadowLike"]
[Result "0-1"]
[ICCResult "White resigns"]
[WhiteElo "1706"]
[BlackElo "2232"]
[Opening "Ruy Lopez: Schliemann defense"]
[ECO "C63"]
[NIC "RL.06"]
[Time "21:31:35"]
[TimeControl "180+0"]

1. e4 e5 2. Nf3 Nc6 3. Bb5 f5 4. d3 fxe4 5. dxe4 Nf6 6. Bg5 d6 7. h3 Be7 8.
Nc3 O-O 9. O-O Kh8 10. Bxf6 gxf6 11. Nd5 f5 12. exf5 Bxf5 13. Bxc6 bxc6 14.
Nxe7 Qxe7 15. c4 Qg7 16. Kh1 Be4 17. Ne1 Qh6 18. f3 Bf5 19. Qc1 Qe6 20. Kh2
Rg8 21. Qe3 h5 22. b3 h4 23. Rd1 Rg3 24. Kh1 Rag8 {White resigns} 0-1

[Event "ICC Open 2015"]
[Site "Internet Chess Club"]
[Date "2015.05.29"]
[Round "11"]
[White "Moreno1"]
[Black "receipt"]
[Result "1-0"]
[ICCResult "Black checkmated"]
[WhiteElo "1258"]
[BlackElo "1089"]
[Opening "Scandinavian (center counter) defense"]
[ECO "B01"]
[NIC "VO.17"]
[Time "21:31:00"]
[TimeControl "180+0"]

1. e4 d5 2. Qf3 dxe4 3. Qxe4 Nf6 4. Qf3 Nc6 5. c3 Bg4 6. Qg3 e6 7. h3 Bd6 8.
Qe3 Nd5 9. Qd3 Bf5 10. Qf3 Ne5 11. Qh5 g6 12. Qd1 Nf4 13. g4 Bd3 14. Bxd3
Nexd3+ 15. Kf1 Qh4 16. Qf3 c6 17. Ne2 Ne5 18. Qxf4 O-O-O 19. d4 Nxg4 20.
Qxg4 Qxg4 21. hxg4 c5 22. dxc5 Bxc5 23. Be3 Bxe3 24. fxe3 f5 25. Na3 fxg4
26. Nc4 b6 27. Ne5 Rd2 28. Re1 Rxb2 29. Nd4 h5 30. Nxg6 Rg8 31. Ne7+ Kd7 32.
Nxg8 Rxa2 33. Rxh5 g3 34. Ne2 Kd6 35. Kg2 e5 36. Kxg3 Kd5 37. Ne7+ Ke4 38.
Rh4+ Kxe3 39. Nf5+ Kd2 40. Rhh1 e4 41. Nfd4 e3 42. Rd1# {Black checkmated}
1-0

[Event "ICC Open 2015"]
[Site "Internet Chess Club"]
[Date "2015.05.29"]
[Round "11"]
[White "Talion"]
[Black "isodung"]
[Result "0-1"]
[ICCResult "White forfeits on time"]
[WhiteElo "2868"]
[BlackElo "2799"]
[Opening "Queen's pawn"]
[ECO "A40"]
[NIC "QO.17"]
[Time "21:30:25"]
[TimeControl "180+0"]

1. d4 e6 2. Bf4 d5 3. e3 Nf6 4. c3 c5 5. Nd2 Nc6 6. Ngf3 Bd6 7. Bg3 O-O 8.
Bd3 b6 9. e4 Bxg3 10. hxg3 h6 11. e5 Nd7 12. a3 f6 13. Qe2 Bb7 14. O-O-O
cxd4 15. cxd4 fxe5 16. dxe5 Qc7 17. Kb1 Ndxe5 18. Bc2 Rae8 19. Rh5 Nxf3 20.
Nxf3 e5 21. Qd3 e4 22. Qxd5+ Qf7 23. Bb3 Qxd5 24. Bxd5+ Kh8 25. Nd4 Nxd4 26.
Bxb7 Rxf2 27. Rxd4 e3 28. Ba6 e2 29. Bxe2 Rexe2 30. Rb5 Rd2 31. Rc4 Rxg2 32.
Rc7 Rxg3 33. Rxa7 Rd6 34. Rb7 Rgg6 35. a4 Kh7 36. Ka2 Rgf6 37. Ka3 Kg6 38.
Re5 h5 39. Ree7 h4 40. Rxg7+ Kf5 41. Rh7 Kg4 42. Rbg7+ Rg6 43. Re7 Rde6 44.
Rd7 Re3+ 45. b3 h3 46. Rd4+ Kg3 47. Rdh4 Kg2 48. R7h5 Rgg3 49. Kb4 Rxb3+ 50.
Kc4 Rgc3+ 51. Kd5 Rd3+ {White forfeits on time} 0-1

[Event "ICC Open 2015"]
[Site "Internet Chess Club"]
[Date "2015.05.29"]
[Round "11"]
[White "Cinzento"]
[Black "MadMad"]
[Result "1/2-1/2"]
[ICCResult "Black stalemated"]
[WhiteElo "1723"]
[BlackElo "1384"]
[Opening "Caro-Kann defense"]
[ECO "B12"]
[NIC "CK.01"]
[Time "21:30:14"]
[TimeControl "180+0"]

1. e4 c6 2. d4 g6 3. Nc3 Bg7 4. Be3 e6 5. Qd2 Ne7 6. e5 O-O 7. Bh6 d5 8.
exd6 Qxd6 9. O-O-O Qb4 10. Kb1 Rd8 11. Nd5 Nxd5 12. c3 Bxh6 13. cxb4 Bxd2
14. Rxd2 Nxb4 15. Nf3 Nd5 16. Bd3 Nd7 17. g3 N7f6 18. h4 h5 19. Ne5 Bd7 20.
f3 Kg7 21. g4 hxg4 22. fxg4 Nh7 23. h5 f6 24. Nxg6 Ng5 25. h6+ Kh7 26. Rf2
f5 27. gxf5 exf5 28. Ne5 Be6 29. Bxf5+ Bxf5+ 30. Rxf5 Rf8 31. Rxg5 Rg8 32.
Rf5 Raf8 33. Nf7 Ne3 34. Rf3 Nd5 35. Rhf1 Re8 36. Rh1 Rg6 37. Ne5 Rxh6 38.
Rf7+ Kg8 39. Rxh6 Rxe5 40. dxe5 Kxf7 41. Rh7+ Ke6 42. Rxb7 a5 43. Ra7 Kxe5
44. Rxa5 Kd4 45. a3 c5 46. Ra4+ c4 47. b3 Nc3+ 48. Kb2 Nxa4+ 49. bxa4 Kc5
50. Kc3 Kb6 51. Kxc4 Ka5 52. Kb3 Ka6 53. Kb4 Ka7 54. Kb5 Ka8 55. Kb6 Kb8 56.
a5 Ka8 57. a6 Kb8 58. a7+ Ka8 59. a4 {Black stalemated} 1/2-1/2

[Event "ICC Open 2015"]
[Site "Internet Chess Club"]
[Date "2015.05.29"]
[Round "11"]
[White "chigamaster"]
[Black "BlackHorse96"]
[Result "0-1"]
[ICCResult "White resigns"]
[WhiteElo "2901"]
[BlackElo "3285"]
[Opening "English opening"]
[ECO "A10"]
[NIC "EO.64"]
[Time "21:31:40"]
[TimeControl "180+0"]

1. c4 d6 2. g3 e5 3. Bg2 f5 4. Nc3 Nf6 5. d3 g6 6. Nf3 Bg7 7. O-O O-O 8. Bg5
c6 9. Rc1 Be6 10. b4 Nbd7 11. a4 h6 12. Bxf6 Qxf6 13. b5 Rac8 14. bxc6 bxc6
15. Nd2 Qf7 16. Qc2 d5 17. Rb1 e4 18. Rb7 Qf6 19. Nd1 a6 20. Ra7 Qd4 21.
Rxa6 Nc5 22. Ra7 exd3 23. exd3 Nxd3 24. Re7 Bf7 25. cxd5 cxd5 26. Rc7 Nb4
27. Rxc8 Nxc2 28. Rxc2 Qxa4 29. Rc7 Qa5 30. Rc2 d4 31. Nb2 d3 32. Nxd3 Rd8
{White resigns}
0-1

[Event "ICC Open 2015"]
[Site "Internet Chess Club"]
[Date "2015.05.29"]
[Round "11"]
[White "El-Flippo"]
[Black "Cramagica"]
[Result "1-0"]
[ICCResult "Black forfeits on time"]
[WhiteElo "1320"]
[BlackElo "1171"]
[Opening "Ruy Lopez: 5.O-O"]
[ECO "C78"]
[NIC "RL.12"]
[Time "21:30:39"]
[TimeControl "180+0"]

1. e4 e5 2. Nf3 Nc6 3. Bb5 a6 4. Ba4 Nf6 5. O-O b5 6. Bb3 Bc5 7. c3 O-O 8.
d4 exd4 9. cxd4 Bb6 10. Nc3 d6 11. h3 Ne7 12. Bg5 Ng6 13. Qc2 h6 14. Bxf6
Qxf6 15. Rad1 Bb7 16. Bd5 Rab8 17. Bxb7 Rxb7 18. Nd5 Qd8 19. Nxb6 Rxb6 20.
e5 dxe5 21. dxe5 Qc8 22. Rfe1 c5 23. Rd6 Rxd6 24. exd6 Rd8 25. Rd1 Rd7 26.
Qe4 Qd8 27. Qc6 Nf8 28. Ne5 Ra7 29. Qxc5 Ne6 30. Qd5 Rd7 31. Nxd7 Qxd7 32.
Qa8+ Kh7 33. Qxa6 g6 34. Qb6 {Black forfeits on time} 1-0

[Event "ICC Open 2015"]
[Site "Internet Chess Club"]
[Date "2015.05.29"]
[Round "11"]
[White "ILYMJPDL"]
[Black "kevinice"]
[Result "0-1"]
[ICCResult "White resigns"]
[WhiteElo "1988"]
[BlackElo "2001"]
[Opening "Sicilian: Kan, 5.Bd3"]
[ECO "B42"]
[NIC "SI.42"]
[Time "21:30:59"]
[TimeControl "180+0"]

1. e4 c5 2. Nf3 e6 3. d4 cxd4 4. Nxd4 a6 5. Bd3 Nf6 6. O-O Qc7 7. Nc3 Nc6 8.
Nxc6 dxc6 9. Kh1 e5 10. f4 Bc5 11. fxe5 Ng4 12. Bf4 Be6 13. Qe2 Nxe5 14. Qh5
Bd6 15. Be2 O-O 16. Rad1 Rad8 17. Qh4 f6 18. Qg3 Bf7 19. Rd2 Rfe8 20. Rfd1
b5 21. Bd3 Qe7 22. Ne2 c5 23. Ng1 Nxd3 24. cxd3 Bxf4 25. Qxf4 Bxa2 26. Ra1
Bf7 27. Rxa6 c4 28. Ra1 cxd3 29. Re1 Qe5 30. Qe3 Bg6 31. Rxd3 Rxd3 32. Qxd3
Qxb2 33. Qe3 Rxe4 34. Qg3 Rxe1 35. Qxe1 Qe5 36. Qc1 h6 37. Nf3 Qd5 38. Qc8+
Kh7 39. Qc2 Bxc2 {White resigns} 0-1

[Event "ICC Open 2015"]
[Site "Internet Chess Club"]
[Date "2015.05.29"]
[Round "11"]
[White "Snooze"]
[Black "Permanent"]
[Result "1-0"]
[ICCResult "Black resigns"]
[WhiteElo "1931"]
[BlackElo "2036"]
[Opening "Sicilian"]
[ECO "B50"]
[NIC "SI.01"]
[Time "21:30:50"]
[TimeControl "180+0"]

1. e4 c5 2. Nf3 d6 3. Nc3 Nf6 4. e5 dxe5 5. Nxe5 e6 6. Be2 a6 7. a4 Qc7 8.
Nc4 Nbd7 9. O-O b6 10. d3 Bb7 11. Bf3 Be7 12. Re1 O-O 13. b3 Bc6 14. Bb2
Rad8 15. Bxc6 Qxc6 16. Ne4 Nxe4 17. Rxe4 Bf6 18. Bxf6 Nxf6 19. Re3 Rd5 20.
Qe2 Rfd8 21. Re1 h6 22. Rg3 Nh5 23. Rf3 Nf6 24. Rg3 Rd4 25. Ne5 Qe8 26. Qf3
R4d5 27. Qxf6 Qf8 28. Qf3 b5 29. Ng4 Kh7 30. Re5 c4 31. Rxd5 Rxd5 32. h4
cxd3 33. cxd3 Qe7 34. Ne3 Rd7 35. axb5 axb5 36. Qe4+ f5 37. Qe5 Rxd3 38.
Nxf5 Rd1+ 39. Kh2 Qf6 40. Rxg7+ Kh8 41. Qxf6 Rh1+ 42. Kxh1 {Black resigns}
1-0

[Event "ICC Open 2015"]
[Site "Internet Chess Club"]
[Date "2015.05.29"]
[Round "11"]
[White "antizwi"]
[Black "Willy809"]
[Result "0-1"]
[ICCResult "White resigns"]
[WhiteElo "1904"]
[BlackElo "1724"]
[Opening "Sicilian: Najdorf, Opocensky variation"]
[ECO "B92"]
[NIC "SI.10"]
[Time "21:30:15"]
[TimeControl "180+0"]

1. e4 c5 2. Nf3 d6 3. d4 cxd4 4. Nxd4 Nf6 5. Nc3 a6 6. Be2 g6 7. O-O Bg7 8.
Be3 O-O 9. Qd2 b5 10. f3 Re8 11. Bh6 Bh8 12. Kh1 Bb7 13. Rad1 Nbd7 14. a3
Ne5 15. Nb3 Nc4 16. Bxc4 bxc4 17. Nd4 Rb8 18. Qe2 Qb6 19. Qxc4 Rec8 20. Qb3
Qa7 21. Qa4 Ba8 22. Nb3 Bc6 23. Qd4 Qxd4 24. Rxd4 Nd7 25. Rd3 Nc5 26. Nxc5
dxc5 27. b3 e6 28. Bf4 Ra8 29. Rfd1 Bb5 30. Rd6 Bxc3 31. h4 e5 32. Bh6 Bd4
33. a4 Be8 34. Rd3 c4 35. bxc4 Rxc4 36. Rb3 Rxc2 37. Rbb6 Bxa4 38. Rxa6 Rcc8
39. Rxa8 Rxa8 40. f4 f6 41. Rxf6 exf4 42. Rd6 Be5 43. Rd5 Re8 44. Bg5 Bc2
45. Rc5 Bxe4 46. Kg1 Bd4+ {White resigns} 0-1

[Event "ICC Open 2015"]
[Site "Internet Chess Club"]
[Date "2015.05.29"]
[Round "11"]
[White "PADILLON2189"]
[Black "DarkThrone"]
[Result "0-1"]
[ICCResult "White forfeits on time"]
[WhiteElo "2044"]
[BlackElo "2406"]
[Opening "QGD Slav: 3.Nf3"]
[ECO "D11"]
[NIC "SL.01"]
[Time "21:30:29"]
[TimeControl "180+0"]

1. d4 d5 2. c4 c6 3. Nf3 Nf6 4. Qc2 dxc4 5. Qxc4 b5 6. Qc2 e6 7. a3 a6 8.
Nc3 c5 9. Bg5 cxd4 10. Rd1 Nc6 11. e3 Be7 12. Nxd4 Nxd4 13. Rxd4 Qb6 14. Bd3
Bb7 15. O-O Rc8 16. Rd1 h6 17. Bh4 e5 18. Bxf6 exd4 19. Bxd4 Qc7 20. Bf5 Rd8
21. Rc1 O-O 22. Nd5 Qd6 23. Nxe7+ Qxe7 24. Qc7 Qxc7 25. Rxc7 Rfe8 26. h4 Be4
27. Bg4 f5 28. Bh5 Rc8 29. Ra7 Red8 30. f3 Rxd4 31. exd4 Bd5 32. Bg6 f4 33.
Rxa6 Kf8 34. Rb6 Rc1+ 35. Kh2 Bc4 36. b3 Bxb3 37. Rxb5 Bc4 38. Rf5+ Ke7 39.
Rxf4 Be6 40. Re4 Kf6 41. h5 Rd1 42. Kg3 Rd2 43. a4 Bc4 44. a5 Bf1
{White forfeits on time}
0-1

[Event "ICC Open 2015"]
[Site "Internet Chess Club"]
[Date "2015.05.29"]
[Round "11"]
[White "manitodeplomo"]
[Black "MichaelBluth"]
[Result "1-0"]
[ICCResult "Black checkmated"]
[WhiteElo "2643"]
[BlackElo "2341"]
[Opening "Queen's gambit declined"]
[ECO "D30"]
[NIC "QP.08"]
[Time "21:30:41"]
[TimeControl "180+0"]

1. d4 d5 2. c4 e6 3. Nf3 f5 4. Nc3 Nf6 5. h3 c6 6. g4 Bd6 7. gxf5 exf5 8.
Rg1 g6 9. Bg5 Be6 10. cxd5 cxd5 11. Qb3 O-O 12. Qxb7 Nbd7 13. Qa6 Qe7 14.
Bh6 Rfc8 15. Ng5 Rab8 16. Nxe6 Qxe6 17. Bf4 Ne8 18. Bg2 Nb6 19. Bxd6 Nxd6
20. Qxb6 Rxb6 21. Bxd5 Qxd5 22. Nxd5 Rb7 23. f3 Rd8 24. Kf2 Rxb2 25. Rgb1
Nc4 26. Rxb2 Nxb2 27. e4 Kg7 28. Rb1 Rb8 29. Kg3 f4+ 30. Nxf4 h5 31. Nd3 h4+
32. Kg4 Rd8 33. Rxb2 Rxd4 34. Rb7+ Kh6 35. Ne5 g5 36. Nf7+ Kg6 37. Nxg5 Ra4
38. f4 a5 39. f5+ Kf6 40. Kf4 Rc4 41. Nh7# {Black checkmated} 1-0